 Dungeon Crawl Stone Soup version 0.26.1-2-gb8aa6d0cf2 (webtiles) character file.

Game seed: 15611108335986552242

17271 Allula97 the Grappler (level 12, -1/102 HPs)
             Began as a Troll Monk on Feb 26, 2021.
             Was the Champion of Ru.
             Slain by a cane toad (16 damage)
             ... on level 1 of the Lair of Beasts.
             The game lasted 00:34:42 (9164 turns).

Allula97 the Grappler (Troll Monk)                  Turns: 9164, Time: 00:34:43

Health: -1/102     AC:  7    Str: 31    XL:     12   Next: 17%
Magic:  16/16      EV:  9    Int: 14    God:    Ru [******]
Gold:   766        SH:  0    Dex: 12    Spells: 16/18 levels left

rFire    + . .     SeeInvis .     - Unarmed
rCold    x . .     Faith    .   (no shield)
rNeg     + . .     Spirit   .   v - +1 robe {rF+}
rPois    .         Reflect  .   (helmet restricted)
rElec    .         Harm     .   (no cloak)
rCorr    +         Rampage  .   (gloves unavailable)
Will     +....                  (boots unavailable)
Stlth    +++.......             (no amulet)
HPRegen  0.67/turn              c - ring "Teukimox" {rC- rCorr Str+7 Int+6}
MPRegen  0.15/turn              B - ring of positive energy

@: studying Maces & Flails
A: large, unfitting armour, claws 3, clever 1, clumsy 1, frail 1, strong-willed
1, regeneration 1, shaggy fur 1, tough skin 3, inability to use devices,
inability to train dodging, inability to train armour
a: Renounce Religion, Draw Out Power, Power Leap, Apocalypse


You were on level 1 of the Lair of Beasts.
You worshipped Ru.
Ru was exalted by your worship.
You visited 2 branches of the dungeon, and saw 11 of its levels.
You also visited: Sewer and Volcano.

You collected 878 gold pieces.
You spent 112 gold pieces at shops.

Inventory:

Hand Weapons
 y - a +0 giant club of flaming
 A - a +9 giant spiked club
Missiles
 l - 8 atropa-tipped darts (quivered)
 w - 3 throwing nets
Armour
 r - a +2 helmet
 v - a +1 robe of fire resistance (worn)
Magical Staves
 a - an uncursed staff of cold {unknown}
Jewellery
 c - the ring "Teukimox" (left claw) {rC- rCorr Str+7 Int+6}
   (You found it on level 10 of the Dungeon)

   [ring of resist corrosion]

   It affects your strength (+7).
   It affects your intelligence (+6).
   It makes you vulnerable to cold.
   It provides partial protection from all sources of acid and corrosion.
 i - an uncursed ring of wizardry
 B - a ring of positive energy (right claw)
Scrolls
 b - 2 scrolls of magic mapping
 f - 3 scrolls of remove curse
 g - 2 scrolls of amnesia
 j - 6 scrolls of teleportation
 p - 3 scrolls of fog
 t - 4 scrolls of immolation
 u - a scroll of silence
 z - 2 scrolls of holy word
Potions
 d - a potion of haste
 h - 4 potions of attraction
 k - 3 potions of curing
 m - a potion of invisibility
 n - 5 potions of brilliance
 o - a potion of heal wounds
 q - 3 potions of might
 s - 3 potions of ambrosia
 x - 2 potions of resistance
 C - a potion of berserk rage
Books
 e - a manual of Maces & Flails


   Skills:
 * Level 6.1 Fighting
 * Level 5.8 Maces & Flails
 * Level 4.8 Stealth
 * Level 14.4 Unarmed Combat
 * Level 3.6 Spellcasting


You had 16 spell levels left.
You knew the following spells:

 Your Spells              Type           Power        Failure   Level
a - Blink                 Tloc           N/A          30%         2

Your spell library contained the following spells:

 Spells                   Type           Power        Failure   Level
 Animate Skeleton         Necr           4%           21%         1
 Magic Dart               Conj           8%           21%         1
 Pain                     Necr           8%           21%         1
 Searing Ray              Conj           4%           30%         2
 Confusing Touch          Hex            2%           52%         3
 Dazzling Flash           Conj/Hex       4%           52%         3
 Gell's Gravitas          Tloc           1%           52%         3
 Lesser Beckoning         Tloc           1%           52%         3
 Teleport Other           Tloc           2%           52%         3
 Vampiric Draining        Necr           1%           52%         3
 Animate Dead             Necr           1%           90%         4
 Fulminant Prism          Conj/Hex       1%           90%         4
 Iskenderun's Mystic Bla  Conj/Tloc      2%           90%         4
 Passage of Golubria      Tloc           N/A          90%         4
 Petrify                  Tmut/Erth      2%           90%         4
 Agony                    Necr           2%           99%         5
 Metabolic Englaciation   Hex/Ice        1%           99%         5
 Yara's Violent Unravell  Hex/Tmut       1%           99%         5


Dungeon Overview and Level Annotations

Branches:
Dungeon (10/15)            Temple (0/1) D:5            Lair (1/6) D:10
  Sewer (visited)         Volcano (visited)
    Orc: D:9-12

Altars:
Ashenzari
Fedhas
Gozag
Kikubaaqudgha
Nemelex Xobeh
Okawaru
Ru
Sif Muna
Uskayaw
Wu Jian
Xom
Yredelemnul
Zin

Shops:
D:3 (   D:4 (   D:10 *


Innate Abilities, Weirdness & Mutations

You are too large for most types of armour.
You have claws for hands.
You are clumsy. (Dex -2)
Your natural rate of healing is unusually fast.
You are covered in fur. (AC +1)
You have extremely tough skin. (AC +3)
You cannot study or use magical devices.
You cannot train Dodging skill.
You cannot train Armour skill.
Your mind is acute. (Int +2)
You are frail. (-10% HP)
You are strong-willed. (Will+)


Message History

The black mamba is severely wounded.
You feel sick. The black mamba bites you! The cane toad stings you!
You are more poisoned.
The cane toad poisons you! The bullfrog hits you!
You feel very sick.
You redirect the bullfrog's attack!
The bullfrog closely misses the black mamba.
The black mamba bites you!!
* * * LOW HITPOINT WARNING * * *
You feel sick. The black mamba barely misses you.
You feel sick. The black mamba bites you.
* * * LOW HITPOINT WARNING * * *
You are lethally poisoned!
The black mamba poisons you! The cane toad stings you!
* * * LOW HITPOINT WARNING * * *
* * * LOW HITPOINT WARNING * * *
You feel very sick. The black mamba closely misses you.
You feel better. The black mamba barely misses you. The cane toad stings you!
You die...

**,* ##.............# * *,,**
#..............# * **,,*
##..............# ** *,,*
#..............****, **,#**
####....(........,,,,,,
*,.P####...............,,,*,*,
***.....................,******
**,,..........F..........,* *
*,,,..........S@....>....,*
**,,........##F..........**
*,,......P#.##.........#*
*,,.....##*#####.....###
*,,....#* *...#### *,,...#*
*#### **,...* *,..,* *>****


You could see a black mamba, a cane toad and a bullfrog.

Vanquished Creatures
  A red draconian (Volcano)
  An ogre mage (Volcano)
  9 two-headed ogres
  An unseen horror (D:10)
  A lindwurm (Lair:1)
  A gargoyle (D:7)
  A cane toad (Lair:1)
  A queen bee (D:10)
  Grinder (D:5)
  A polar bear (Lair:1)
  A troll (D:10)
  A merfolk (D:10)
  19 yaks
  An acid dragon (D:8)
  2 water moccasins (Lair:1)
  3 orc warriors (D:10)
  A sky beast (D:8)
  A hornet zombie (D:8)
  A phantom (D:4)
  6 black bears
  A necrophage (D:5)
  6 ogres
  4 centaurs
  A big kobold (D:10)
  4 bullfrogs
  A water moccasin zombie (D:10)
  2 scorpions
  31 killer bees
  4 wights (D:10)
  2 howler monkeys (D:8)
  A jelly (D:5)
  2 quasits
  A centaur zombie (D:9)
  3 hounds
  3 centaur skeletons
  6 orc priests
  9 orc wizards
  A bullfrog skeleton (D:8)
  5 iguanas
  4 worker ants
  3 hound zombies
  Robin (D:4)
  3 worker ant zombies
  2 howler monkey skeletons
  17 adders
  3 gnolls (D:3)
  4 river rats (D:5)
  2 shadow imps
  2 white imps (D:10)
  4 ufetubi
  2 oozes (D:2)
  An adder zombie (D:9)
  8 worms
  A dart slug (D:1)
  5 leopard geckos
  27 orcs
  5 bats
  A bat zombie (D:9)
  5 giant cockroaches
  15 goblins
  7 hobgoblins
  14 jackals
  11 kobolds
  4 quokkas
  8 ball pythons
  9 frilled lizards
  A jackal skeleton (D:4)
  A leopard gecko skeleton (D:5)
  8 rats
319 creatures vanquished.

Vanquished Creatures (others)
  A yak (Lair:1)
  2 killer bees
  An orc (D:8)
  A hobgoblin (D:4)
  A kobold (D:3)
  17 fungi (D:10)
  21 plants (D:10)
44 creatures vanquished.

Grand Total: 363 creatures vanquished

Notes
Turn   | Place    | Note
-------+----------+-------------------------------------------
     0 | D:1      | Allula97 the Troll Monk began the quest for the Orb.
     0 | D:1      | Reached XP level 1. HP: 22/22 MP: 0/0
   254 | D:1      | Reached XP level 2. HP: 23/29 MP: 1/1
  1006 | D:2      | Reached XP level 3. HP: 36/36 MP: 2/2
  1072 | D:2      | Reached XP level 4. HP: 37/44 MP: 3/3
  1079 | D:2      | Found a sacrificial altar of Ru.
  1095 | D:2      | Reached skill level 4 in Unarmed Combat
  1103 | D:2      | Found an ornate altar of the Wu Jian Council.
  1203 | D:2      | Found an opulent altar of Gozag.
  1207 | D:2      | Became a worshipper of Ru the Awakened
  1236 | D:2      | Gained mutation: You cannot train Armour skill. [Ru
                  | sacrifice]
  1236 | D:2      | Reached * piety under Ru
  1563 | D:2      | Reached XP level 5. HP: 48/53 MP: 4/4
  1859 | D:3      | Found a blossoming altar of Fedhas.
  2105 | D:4      | Found Pucipn's Antique Weapon Boutique.
  2105 | D:4      | Noticed Robin
  2109 | D:4      | Killed Robin
  2110 | D:4      | Reached skill level 5 in Unarmed Combat
  2174 | D:4      | Reached XP level 6. HP: 29/61 MP: 5/5
  2475 | D:4      | Gained mutation: Your mind is acute. (Int +2) [potion of
                  | mutation]
  2475 | D:4      | Gained mutation: You are frail. (-10% HP) [potion of
                  | mutation]
  2475 | D:4      | Gained mutation: You are strong-willed. (Will+) [potion of
                  | mutation]
  2605 | D:4      | Reached skill level 6 in Unarmed Combat
  2605 | D:4      | Reached XP level 7. HP: 41/60 MP: 6/6
  2853 | D:5      | Entered Level 5 of the Dungeon
  2870 | D:5      | Found a staircase to the Ecumenical Temple.
  2961 | D:5      | Found a glowing drain.
  2970 | Sewer    | Entered a sewer
  3066 | Sewer    | Gained mutation: You cannot train Dodging skill. [Ru
                  | sacrifice]
  3066 | Sewer    | Reached ** piety under Ru
  3066 | Sewer    | Reached *** piety under Ru
  3500 | D:5      | Reached skill level 7 in Unarmed Combat
  3778 | D:5      | Reached XP level 8. HP: 65/68 MP: 7/7
  3930 | D:5      | Noticed Grinder
  3942 | D:5      | Killed Grinder
  4006 | D:6      | Reached skill level 8 in Unarmed Combat
  4117 | D:6      | Reached skill level 1 in Spellcasting
  4161 | D:6      | Found a sparkling altar of Nemelex Xobeh.
  4488 | D:7      | Got an ancient leather armour
  4499 | D:7      | Gained mutation: You are clumsy. (Dex -2) [Ru sacrifice]
  4499 | D:7      | Reached **** piety under Ru
  4572 | D:7      | You fall into a shaft and drop 1 floor!
  4623 | D:8      | Noticed a two-headed ogre
  4633 | D:8      | Killed a two-headed ogre
  4634 | D:8      | Reached skill level 9 in Unarmed Combat
  4634 | D:8      | Reached XP level 9. HP: 26/75 MP: 8/10
  4802 | D:7      | Noticed a two-headed ogre
  4843 | D:7      | Killed a two-headed ogre
  4844 | D:7      | Reached skill level 10 in Unarmed Combat
  4921 | D:7      | Noticed a gargoyle
  4925 | D:7      | Killed a gargoyle
  4926 | D:7      | Reached skill level 11 in Unarmed Combat
  5057 | D:7      | Found a shimmering altar of Xom.
  5349 | D:8      | Reached XP level 10. HP: 82/84 MP: 12/12
  5349 | D:8      | Noticed a two-headed ogre
  5357 | D:8      | Killed a two-headed ogre
  5495 | D:4      | Bought a runed giant spiked club for 112 gold pieces
  5829 | D:8      | You fall into a shaft and drop 1 floor!
  5829 | D:9      | Found a basalt altar of Yredelemnul.
  5847 | D:9      | Reached skill level 1 in Maces & Flails
  5854 | D:9      | Reached skill level 5 in Fighting
  5854 | D:9      | Reached skill level 1 in Evocations
  6143 | D:9      | Found a hide-covered altar of Uskayaw.
  6153 | D:9      | Found an iron altar of Okawaru.
  6158 | D:9      | Found a broken altar of Ashenzari.
  6281 | D:9      | Reached skill level 12 in Unarmed Combat
  6283 | D:9      | Found a glowing silver altar of Zin.
  6387 | D:9      | Gained mutation: You cannot study or use magical devices.
                  | [Ru sacrifice]
  6387 | D:9      | Reached ***** piety under Ru
  6387 | D:9      | Reached ****** piety under Ru
  6498 | D:9      | Found a shimmering blue altar of Sif Muna.
  6843 | D:9      | Found an ancient bone altar of Kikubaaqudgha.
  7308 | D:10     | Entered Level 10 of the Dungeon
  7326 | D:10     | Learned a level 2 spell: Blink
  7364 | D:10     | HP: 4/86 [killer bee (12)]
  7373 | D:10     | Reached XP level 11. HP: 39/93 MP: 14/14
  7448 | D:10     | Identified the +2 leather armour of Zeno {Will+ Dex+4}
  7475 | D:10     | Identified the +0 leather armour "Urausyno" {rF+ Slay+2}
                  | (You found it on level 7 of the Dungeon)
  7641 | D:10     | Reached skill level 13 in Unarmed Combat
  7667 | D:10     | HP: 4/93 [yak (9)]
  7758 | D:10     | Noticed an unseen horror
  7758 | D:10     | Killed an unseen horror
  7865 | D:10     | Found a staircase to the Lair.
  7880 | D:10     | Found Waitz's General Store.
  8118 | D:10     | Got a coiled granite ring
  8122 | D:10     | Identified the ring "Teukimox" {rC- rCorr Str+7 Int+6} (You
                  | found it on level 10 of the Dungeon)
  8543 | Lair:1   | Entered Level 1 of the Lair of Beasts
  8722 | Lair:1   | Found a dark tunnel.
  8723 | Lair:1   | Noticed a lindwurm
  8731 | Volcano  | Entered a volcano
  8771 | Volcano  | Noticed an ogre mage
  8774 | Volcano  | Found a bloodstained altar of Trog.
  8775 | Volcano  | Noticed a two-headed ogre
  8779 | Volcano  | Killed a two-headed ogre
  8780 | Volcano  | Reached skill level 5 in Maces & Flails
  8780 | Volcano  | Noticed a two-headed ogre
  8781 | Volcano  | Noticed a two-headed ogre
  8785 | Volcano  | Noticed a red draconian
  8790 | Volcano  | Killed a two-headed ogre
  8790 | Volcano  | Killed a two-headed ogre
  8791 | Volcano  | Reached skill level 14 in Unarmed Combat
  8791 | Volcano  | Noticed a two-headed ogre
  8791 | Volcano  | Noticed a two-headed ogre
  8791 | Volcano  | Noticed a two-headed ogre
  8793 | Volcano  | Killed a red draconian
  8798 | Volcano  | Killed a two-headed ogre
  8803 | Volcano  | Killed a two-headed ogre
  8804 | Volcano  | Reached XP level 12. HP: 46/102 MP: 8/16
  8807 | Volcano  | Killed a two-headed ogre
  8816 | Volcano  | Killed an ogre mage
  9164 | Lair:1   | Slain by a cane toad

Illustrated notes

Levels and vault maps discovered:
D:1:      dpeg_arrival_leaves_temple_mockup, layout_basic, kennysheep_boxes
D:2:      layout_basic, nicolae_overflow_crystal_walls,
          grunt_temple_overflow_open
D:3:      layout_rooms, fedhas_altar_3
D:4:      layout_rooms, serial_shops, shop, st_stairs_2, uniq_robin
D:5:      layout_loops_corners, minmay_temple_entry_overgrown,
          portal_sewer_entry_e, minmay_small_thing, uniq_grinder
D:6:      layout_rooms, general_overflow_altar
D:7:      minmay_slanted_spiral_squares, layout_rooms,
          overflow_temple_1_default, nrook_campfire
D:8:      layout_basic, minmay_manual_monstrance
D:9:      layout_loops_corners, lemuel_crystal_altar,
          lemuel_zombie_altar_kikubaaqudgha, kennysheep_mini_moat,
          kennysheep_little_box, minmay_overflow_temple_star_quad,
          kennysheep_opposing_triangles
D:10:     layout_roguey [special_room_bee], grunt_lair_entry_orc_guard_hut,
          serial_shops, shop, hangedman_fish_farm
Lair:1:   layout_cave_pods, nicolae_volcano_entry_vermiform

Skill      XL: |  1  2  3  4  5  6  7  8  9 10 11 |
---------------+----------------------------------+-----
Dodging        | 3 4 0 |  0.0
Unarmed Combat | 4 5 6 7 9 11 12 14 | 14.4
Fighting       | 3 4 5 6 |  6.1
Spellcasting   | 1 2 3 |  3.6
Stealth        | 2 3 4 |  4.8
Maces & Flails | 4 5 |  5.8
Evocations     | 0 |  0.0

Action                   |  1- 3 |  4- 6 |  7- 9 | 10-12 || total
-------------------------+-------+-------+-------+-------++-------
Melee: Unarmed           |    57 |   209 |   245 |   373 ||   884
       Punch             |     1 |     3 |     7 |    26 ||    37
       Giant spiked club |       |       |       |    14 ||    14
Throw: Dart              |       |       |       |     1 ||     1
Invok: Sacrifice Durabil |       |     1 |       |       ||     1
       Sacrifice Nimblen |       |       |     1 |       ||     1
       Sacrifice Purity  |       |       |     1 |       ||     1
       Draw Out Power    |       |       |     2 |     3 ||     5
       Power Leap        |       |       |     1 |       ||     1
       Apocalypse        |       |       |       |     2 ||     2
       Sacrifice Artific |       |       |       |     1 ||     1
  Use: Potion            |       |     7 |     2 |    17 ||    26
       Scroll            |       |     8 |     9 |     9 ||    26
 Stab: Sleeping          |     1 |     2 |     5 |     7 ||    15
       Distracted        |       |     1 |     1 |     4 ||     6
       Invisible         |       |       |     2 |     2 ||     4
       Paralysed         |       |       |       |     5 ||     5
Armor: Robe              |    31 |    84 |    82 |    70 ||   267
       Skin              |       |    73 |       |       ||    73
Dodge: Dodged            |    36 |   162 |   117 |   131 ||   446
